 Dungeon Crawl Stone Soup version 0.29-a0-321-gf1c400731a (webtiles) character file.

Game seed: 17672908491076315208

81 sammy202020 the Skirmisher (level 4, 0/50 HPs)
             Began as an Ogre Monk on Apr 4, 2022.
             Slain by Dowan
             ... wielding a +0 dagger
              (5 damage)
             ... on level 4 of the Dungeon.
             The game lasted 00:02:55 (2577 turns).

sammy202020 the Skirmisher (Ogre Monk)              Turns: 2577, Time: 00:02:57

Health: 0/50       AC:  3    Str: 17    XL:     4   Next: 42%
Magic:  4/4        EV: 10    Int: 11    God:
Gold:   94         SH:  0    Dex: 11    Spells: 3/3 levels left

rFire   . . .      SeeInvis .   a - +0 mace
rCold   . . .      Faith    .   (no shield)
rNeg    . . .      Spirit   .   b - +0 robe
rPois   .          Reflect  .   (helmet restricted)
rElec   .          Harm     .   (no cloak)
rCorr   .          Rampage  .   (gloves unavailable)
Will    .....                   (boots unavailable)
Stlth   ++........              (no amulet)
HPRegen 0.16/turn               (no ring)
MPRegen 0.09/turn               (no ring)

@: mighty, hasted, very quick
A: large, unfitting armour, tough skin 1
a: no special abilities


You were on level 4 of the Dungeon.
You visited 1 branch of the dungeon, and saw 4 of its levels.

You collected 94 gold pieces.

Inventory:

Hand Weapons
 a - a +0 mace (weapon)
 e - a +0 hunting sling of flaming
Missiles
 g - 5 boomerangs (quivered)
 l - 2 poisoned darts
Armour
 b - a +0 robe (worn)
Scrolls
 h - a scroll of magic mapping
 i - a scroll of fear
 j - a scroll of teleportation
Potions
 c - 2 potions of ambrosia
 d - a potion of haste
 f - 2 potions of lignification
 m - a potion of attraction {unknown}
 o - a potion of curing {unknown}


   Skills:
 * Level 5.3 Fighting
 * Level 3.5 Maces & Flails
 + Level 3.1 Dodging
 - Level 1.4 Stealth


You had 3 spell levels left.
You didn't know any spells.
Your spell library contained the following spells:

 Spells                   Type           Power      Damage    Failure   Level
 Shock                    Conj/Air       0%         1d3       34%         1
 Sublimation of Blood     Necr           0%         N/A       47%         2
 Wereblood                Tmut           0%         N/A       47%         2
 Swiftness                Air            0%         N/A       71%         3
 Airstrike                Air            0%         N/A       98%         4
 Summon Hydra             Summ           0%         N/A       100%        7


Dungeon Overview and Level Annotations

Branches:
Dungeon (4/15)
 Temple: D:4-7

Altars:
Dithmenos
Sif Muna

Shops:
D:1 (

Annotations:
D:4 Dowan, Duvessa


Innate Abilities, Weirdness & Mutations

You are too large for most types of armour.
You have tough skin. (AC +1)


Message History

You hit the hound.
The hound is lightly wounded.
The hound bites you. The kobold hits you but does no damage.
The goblin hits you with a +0 club.
You closely miss the hound.
The hound is lightly wounded.
The hound bites you but does no damage. The hound bites you.
The kobold hits you with a +0 short sword.
* * * LOW HITPOINT WARNING * * *
A gnoll comes into view. It is wielding a +0 flail.
The goblin barely misses you.
You hit the hound.
The hound is moderately wounded.
The hound misses you.
You barely miss the hound.
The hound is moderately wounded.
The goblin hits you with a +0 club.
* * * LOW HITPOINT WARNING * * *
The kobold hits you but does no damage. The hound bites you but does no damage.
You feel very mighty all of a sudden. The hound barely misses you.
The kobold hits you with a +0 short sword.
* * * LOW HITPOINT WARNING * * *
The goblin hits you with a +0 club.
* * * LOW HITPOINT WARNING * * *
You barely miss the hound.
The hound is moderately wounded.
The hound barely misses you. The kobold completely misses you.
Dowan casts a spell.
Dowan blinks!
The goblin hits you with a +0 club.
* * * LOW HITPOINT WARNING * * *
You thump the hound!
The hound is severely wounded.
The hound bites you.
* * * LOW HITPOINT WARNING * * *
You closely miss Dowan. The hound closely misses you.
The goblin hits you with a +0 club.
* * * LOW HITPOINT WARNING * * *
Dowan hits you with a +0 dagger.
You die...

#.. +# .#
##..####.##.#
#............
#.........[..
#............
#............ .
#...heK...... ..
#@# +###
...#######g##....#
.......<.#es......
.........#g.J.....
..>......'g......J
...##..e##........
.. #...##.....:.#
. .....##.......#
......g.........#


You could see Duvessa (fast), Dowan, a gnoll shaman, a scorpion, a hound, a
gnoll, an endoplasm, a goblin and a kobold.

Vanquished Creatures
  An iguana (D:3)
  An adder (D:3)
  A worm (D:2)
  2 dart slugs
  An orc (D:3)
  4 endoplasms
  A giant cockroach (D:2)
  6 hobgoblins
  A quokka (D:1)
  2 ball pythons
  4 bats
  7 frilled lizards
  5 goblins
  5 kobolds
  2 rats
43 creatures vanquished.

Notes
Turn   | Place    | Note
-------+----------+-------------------------------------------
     0 | D:1      | sammy202020 the Ogre Monk began the quest for the Orb.
     0 | D:1      | Reached XP level 1. HP: 24/24 MP: 1/1
    85 | D:1      | Reached XP level 2. HP: 6/32 MP: 2/2
   668 | D:1      | Found Suyras's Weapon Shoppe.
   834 | D:1      | Found a faded altar of an unknown god.
   961 | D:2      | Reached XP level 3. HP: 38/40 MP: 3/3
  1542 | D:3      | Found a shadowy altar of Dithmenos.
  1682 | D:3      | Reached skill level 5 in Fighting
  1760 | D:3      | Found a shimmering blue altar of Sif Muna.
  1985 | D:3      | Reached XP level 4. HP: 30/50 MP: 4/4
  2554 | D:4      | Noticed Dowan
  2555 | D:4      | Noticed Duvessa
  2558 | D:4      | Noticed a scorpion
  2577 | D:4      | Slain by Dowan

Illustrated notes

Levels and vault maps discovered:
D:1:      dpeg_arrival_refuge, layout_rooms, ebering_ecumenical_altar_petrified,
          serial_shops, nicolae_square_shop
D:2:      layout_rooms
D:3:      layout_basic, grunt_dithmenos_smoke_and_mirrors,
          mainiacjoe_overflow_six_doors_small
D:4:      layout_gridville, lightli_ossuary_entry_decrepit_ruins, uniq_menkaure,
          uniq_grinder, uniq_duvessa

Skill      XL: |  1  2  3 |
---------------+----------+-----
Maces & Flails | 3 |  3.5
Dodging        | 3 |  3.1
Fighting       | 5 |  5.3
Stealth        | |  1.4

Action                   |  1- 3 |  4- 6 || total
-------------------------+-------+-------++-------
Melee: Mace              |   135 |    18 ||   153
  Use: Scroll            |     9 |     3 ||    12
       Potion            |       |     2 ||     2
 Stab: Sleeping          |     2 |       ||     2
Armor: Robe              |    36 |     6 ||    42
Dodge: Dodged            |    70 |    18 ||    88

Table legend: (Time is in decaauts)
 A = Elapsed time spent in this place.
 B = Non-inter-level travel time spent in this place.
 C = Inter-level travel time spent in this place.
 D = Time resting spent in this place.
 E = Time spent auto-exploring this place.
 F = Levels seen in this place.
 G = Mean time per level.
                   A        B        C        D        E       F      G
               +--------+--------+--------+--------+--------+-----+--------+
         Total |   2608 |   2608 |      0 |      0 |   2093 |   4 |  652.0 |
       Dungeon |   2608 |   2608 |      0 |      0 |   2093 |   4 |  652.0 |
               +--------+--------+--------+--------+--------+-----+--------+

Top non-repeatable levels by time:
     D:3: 1042 daAuts
     D:1: 970 daAuts
     D:2: 572 daAuts
     D:4: 22 daAuts
